 Dungeon Crawl Stone Soup version 0.31.0-4-g52a2dc7128 (webtiles) character file.

Game seed: 17367503164903846575

244729 shadowrider38 the Warrior (level 19, -8/152 (166) HPs)
             Began as a Barachi Shapeshifter on Jan 21, 2024.
             Was an Initiate of Yredelemnul.
             Shot with an arrow by a deep elf master archer (17 damage)
             ... on level 3 of the Elven Halls.
             The game lasted 01:07:42 (48720 turns).

shadowrider38 the Warrior (Barachi Shapeshifter)   Turns: 48720, Time: 01:07:42

HP:   -8/152 (166)  AC: 23    Str: 22      XL:     19   Next: 45%
MP:   0/29          EV:  6    Int: 16 (17) God:    Yredelemnul [......]
Gold: 648           SH: 12    Dex: 13      Spells: 38/38 levels left

rFire   + + .        b - +9 broad axe (spect)
rCold   + + +        A - +0 kite shield
rNeg    . . .        U - +2 crystal plate armour {rC+}
rPois   .            j - +1 hat {Will+}
rElec   .            r - scarf {rC+ rF+}
rCorr   .            B - +2 pair of gloves
SInv    +            y - +2 pair of boots
Will    ++...        e - amulet of guardian spirit Stlth
                     k - ring "Abratuu" {rF+ rC+ SInv}
HPRegen 0.45/turn    O - ring "Kuyhiust" {rC+ Int+6}
MPRegen 0.21/turn

%: guardian spirit
@: about to teleport, corroded, unable to hop, studying 2 skills, drained, slow
A: amphibious, slowness 1, strong legs 2, +LOS, talons 1, deterioration 1, low
MP 1, subdued magic 1
}: 2/15 runes: barnacled, gossamer
a: Hop, Renounce Religion, Recall Undead Harvest


You were on level 3 of the Elven Halls.
You worshipped Yredelemnul.
Yredelemnul was pleased with you.
You visited 7 branches of the dungeon, and saw 34 of its levels.
You also visited: Gauntlet and Ice Cave.

You collected 2389 gold pieces.
You spent 1741 gold pieces at shops.

Inventory:

Hand Weapons
 a - the +9 broad axe of Titeerito {freeze, rPois SInv}
   (You acquired it on level 3 of the Dungeon)

   rPois:     It protects you from poison SInv: It lets you see invisible.
 b - a +9 spectral broad axe (weapon)
 X - the +6 broad axe "Meghas" {speed, *Slow rElec rCorr Int-4}
   (You found it on level 5 of the Lair of Beasts)

   Int-4:     It affects your intelligence (-4).
   rElec:     It insulates you from electricity.
   rCorr:     It protects you from acid and corrosion.
   *Slow:     It may slow you when you take damage.
Missiles
 t - 59 boomerangs (quivered)
 Z - 6 throwing nets
Armour
 j - a +1 hat of willpower (worn)
 m - the +1 cloak of Impatience {Str+4}
   (You acquired it on level 3 of the Dungeon)

   Str+4:     It affects your strength (+4).
 r - a scarf of resistance (worn)
 y - a +2 pair of boots (worn)
 A - a +0 kite shield (worn)
 B - a +2 pair of gloves (worn)
 G - the +3 ring mail of Bubol {rF+ MP+9 Str+3 Int+2}
   (You found it on level 10 of the Dungeon)

   Str+3:     It affects your strength (+3).
   Int+2:     It affects your intelligence (+2).
   rF+:       It protects you from fire.
   MP+9:      It affects your magic capacity (+9).
 K - the +5 ring mail "Hero's Friend" {Fly rElec}
   (You found it on level 13 of the Dungeon)

   rElec:     It insulates you from electricity.
   Fly:       It grants you flight.
 U - a +2 crystal plate armour of cold resistance (worn)
 V - the +0 hat "Bifuqy" {rCorr Dex+2}
   (You found it on level 4 of the Spider Nest)

   Dex+2:     It affects your dexterity (+2).
   rCorr:     It protects you from acid and corrosion.
Jewellery
 e - an amulet of guardian spirit (around neck)
 k - the ring "Abratuu" (left hand) {rF+ rC+ SInv}
   (You bought it in a shop on level 2 of the Orcish Mines)

   [ring of see invisible]

   rF+:       It protects you from fire.
   rC+:       It protects you from cold.
   SInv:      It lets you see invisible.
 O - the ring "Kuyhiust" (right hand) {rC+ Int+6}
   (You found it in a Gauntlet)

   [ring of intelligence]

   Int+6:     It affects your intelligence (+6).
   rC+:       It protects you from cold.
Wands
 g - a wand of quicksilver (7)
 l - a wand of polymorph (9)
 u - a wand of roots (8)
 D - a wand of digging (27)
 F - a wand of mindburst (19)
 P - a wand of paralysis (23)
Scrolls
 d - 3 scrolls of enchant weapon
 i - 5 scrolls of revelation
 n - 4 scrolls of poison
 o - 5 scrolls of immolation
 p - 9 scrolls of fog
 s - 4 scrolls of summoning
 w - 3 scrolls of fear
 z - 2 scrolls of brand weapon
 C - 4 scrolls of vulnerability
 I - 3 scrolls of noise
 M - a scroll of silence {!r}
 R - 5 scrolls of identify
 T - 5 scrolls of teleportation
Potions
 c - a potion of cancellation
 f - a potion of heal wounds
 h - 6 potions of might
 q - 5 potions of magic
 v - 6 potions of enlightenment
 x - 4 potions of invisibility
 E - 5 potions of ambrosia
 H - 3 potions of haste
 L - 3 potions of lignification
 N - 2 potions of mutation
 Q - 7 potions of curing
 S - a potion of resistance
 W - 9 potions of attraction
Miscellaneous
 J - a lightning rod (4/4)
 Y - a tin of tremorstones (2/2)


   Skills:
 - Level 19.0 Fighting
 - Level 18.0 Axes
 * Level 17.8 Armour
 - Level 4.0 Dodging
 - Level 11.8 Shields
 - Level 3.2 Unarmed Combat
 + Level 10.1 Spellcasting
 + Level 14.9 Invocations
 - Level 10.0 Evocations
 - Level 5.5 Shapeshifting


You had 38 spell levels left.
You didn't know any spells.
Your spell library contained the following spells:

 Spells                   Type           Power      Damage    Failure   Level
 Freeze                   Ice            24%        1d4       98%         1
 Kiss of Death            Conj/Necr      24%        2d7       98%         1
 Magic Dart               Conj           24%        1d4       98%         1
 Blink                    Tloc           12%        N/A       99%         2
 Call Imp                 Summ           12%        N/A       99%         2
 Cigotuvi's Dreadful Rot  Necr/Alch/Air  12%        N/A       99%         2
 Ensorcelled Hibernation  Hex/Ice        12%        N/A       99%         2
 Scorch                   Fire           12%        2d5       99%         2
 Searing Ray              Conj           12%        2d4       99%         2
 Confusing Touch          Hex            6%         N/A       100%        3
 Dazzling Flash           Conj/Hex       12%        N/A       100%        3
 Frozen Ramparts          Ice            12%        1d2       100%        3
 Hailstorm                Conj/Ice       6%         3d5       100%        3
 Mephitic Cloud           Conj/Alch/Air  6%         N/A       100%        3
 Passwall                 Erth           6%         N/A       100%        3
 Swiftness                Air            6%         N/A       100%        3
 Volatile Blastmotes      Fire/Tloc      12%        2d11      100%        3
 Brom's Barrelling Bould  Conj/Erth      6%         2d3       100%        4
 Cause Fear               Hex            3%         N/A       100%        4
 Dispel Undead            Necr           6%         3d8       100%        4
 Flame Wave               Conj/Fire      6%         2d5       100%        4
 Fulminant Prism          Conj/Alch      3%         3d5       100%        4
 Ignite Poison            Fire/Alch      6%         N/A       100%        4
 Leda's Liquefaction      Alch/Erth      3%         N/A       100%        4
 Passage of Golubria      Tloc           6%         N/A       100%        4
 Petrify                  Alch/Erth      6%         N/A       100%        4
 Vhi's Electric Charge    Tloc/Air       12%        N/A       100%        4
 Arcjolt                  Conj/Air       3%         1d13      100%        5
 Curse of Agony           Necr           6%         N/A       100%        5
 Fireball                 Conj/Fire      3%         3d4       100%        5
 Freezing Cloud           Conj/Ice/Air   3%         6-21      100%        5
 Iskenderun's Battlesphe  Conj           6%         2d6       100%        5
 Metabolic Englaciation   Hex/Ice        3%         N/A       100%        5
 Silence                  Hex/Air        3%         N/A       100%        5
 Bombard                  Conj/Erth      3%         9d1       100%        6
 Conjure Ball Lightning   Conj/Air       3%         3x3d6     100%        6
 Plasma Beam              Fire/Air       3%         2x1d13    100%        6
 Sculpt Simulacrum        Ice/Alch       3%         N/A       100%        6
 Starburst                Conj/Fire      3%         6d3       100%        6
 Summon Cactus Giant      Summ           3%         N/A       100%        6
 Orb of Destruction       Conj           3%         9d5       100%        7
 Spellforged Servitor     Conj/Summ      3%         N/A       100%        7
 Lehudib's Crystal Spear  Conj/Erth      3%         10d2      100%        8
 Maxwell's Capacitive Co  Air            3%         ∞         100%        8
 Dragon's Call            Summ           3%         N/A       100%        9


Dungeon Overview and Level Annotations

Branches:
Dungeon (15/15) Zot: 23991  Temple (1/1) D:4 Zot: 5954    Lair (5/5) D:11 Zot: 19168
 Shoals (4/4) Lair:3 Zot: 17931  Spider (4/4) Lair:3 Zot: 17378   Slime (0/5) Lair:4
    Orc (2/2) D:12 Zot: 7689     Elf (3/3) Orc:2 Zot: 13901  Vaults (0/5) D:13
 Depths (0/4) D:15          IceCv (visited)         Gauntlet (visited)

Altars:
Ashenzari
Cheibriados
Dithmenos
Elyvilon
Fedhas
Gozag
Hepliaklqana
Kikubaaqudgha
Makhleb
Nemelex Xobeh
Okawaru
Qazlal
Ru
Sif Muna
Trog
Uskayaw
Vehumet
Wu Jian
Xom
Yredelemnul
Zin
The Shining One
Jiyva

Shops:
D:1 ((!   D:2 =   D:5 (   D:8 :   D:9 [   Orc:2 =**=   Elf:1 (   Elf:3 ?(

Portals:
Trove: D:14 (give 12 potions of heal wounds)

Annotations:
D:11 Erolcha
D:14 1 runed translucent door, oldriver's ghost, journeyman DsFE
Lair:4 3 runed translucent doors, Tunlugh's ghost, adept GrEE
Lair:5 exclusion: obsidian statue
Elf:1 1 runed translucent door, Tata Geih's ghost, adept TrFi
Elf:2 3 runed translucent doors


Innate Abilities, Weirdness & Mutations

You are amphibious.
You cover ground slowly.
You can hop long distances.
You have an extended range of vision and can be seen from far away.
You have sharp toenails.
Your body sometimes deteriorates upon taking damage.
Your magical capacity is low. (-10% MP)
Your spells are a little easier to cast, but a little less powerful.


Message History

Your +9 spectral broad axe hits the ghostly deep elf sorcerer!!
Your +9 spectral broad axe hits the ghostly deep elf death mage.
Your +9 spectral broad axe completely misses the ghostly deep elf sorcerer.
You block the ghostly deep elf sorcerer's attack.
The ghostly deep elf death mage hits you with a +0 long sword!
You hit the ghostly deep elf death mage.
The ghostly deep elf death mage is lightly damaged.
You hit the ghostly deep elf sorcerer.
Your +9 spectral broad axe closely misses the ghostly deep elf death mage.
Your +9 spectral broad axe hits the ghostly deep elf sorcerer!
Your +9 spectral broad axe barely misses the ghostly deep elf sorcerer.
Your +9 spectral broad axe barely misses the ghostly deep elf death mage.
The ghostly deep elf sorcerer hits you with a +0 long sword.
The deep elf elementalist casts a spell.
The deep elf elementalist seems to speed up.
The ghostly deep elf sorcerer gestures at you while chanting.
The bolt of acid hits you. The acid corrodes you!
As you read the scroll of teleportation, it crumbles to dust.
You feel strangely unstable.
Your +9 spectral broad axe disappears.
The ghostly deep elf death mage hits you but does no damage.
The ghostly deep elf sorcerer casts a spell at you.
The bolt of acid hits you!!!
* * * LOW HITPOINT WARNING * * *
The acid corrodes you!
You feel much better.
The ghostly deep elf sorcerer hits you with a +0 long sword.
* * * LOW HITPOINT WARNING * * *
The ghostly deep elf death mage hits you with a +0 long sword.
* * * LOW HITPOINT WARNING * * *
The deep elf master archer wields a +0 longbow.
The deep elf master archer shoots an arrow.
You block the arrow.
The ghostly deep elf sorcerer completely misses you.
Okay, then.
Unknown command.
Okay, then.
Okay, then.
Unknown command.
You feel much better.
The ghostly deep elf death mage gestures at you while chanting.
The bolt of negative energy hits you!!
You feel drained.
* * * LOW HITPOINT WARNING * * *
The deep elf master archer shoots an arrow.
The arrow hits you!!
* * * LOW HITPOINT WARNING * * *
The deep elf master archer shoots an arrow.
The arrow hits you!!
You die...
Your body rises from the dead as a mindless zombie.

#.......### #.# ##.#.#
##...##.#####.# ..###.#
##....).....#.##.# ##
......#..##.#.#.##
.#............#..## ###
.#..#....##. #...###.#
.........##.###....#..#
..#.#.......#.........#
.........###.*.e@...∩.#
...###...##..*.e.e....#
# ...#
#...##......e....# ##.
..####..............###
##..
.................#..###
##.e§
................##....#
#.ee#
.............#.###?####
#.e.
..####...#####.#...#
##)) ###
##.........#.### ##)


You could see a ghostly deep elf death mage, a deep elf master archer, a ghostly
deep elf sorcerer (fast), a deep elf elementalist (fast, repels missiles) and 2
lost souls.

Vanquished Creatures
  2 Ice Fiends (IceCv)
  A kraken (Shoals:3)
  Aizul (Shoals:4)
  A deep elf sorcerer (Elf:3)
  5 ghost moths
  An emperor scorpion (Lair:3)
  An orc warlord (Orc:2)
  A very ugly thing (IceCv)
  An ironbound preserver (D:13)
  A deep elf demonologist (Elf:3)
  A deep elf death mage (Elf:3)
  3 deep elf annihilators
  3 dire elephants
  A minotaur (Gauntlet)
  3 spark wasps
  2 entropy weavers (Spider:4)
  5 merfolk impalers
  2 merfolk javelineers (Shoals:4)
  2 hydras
  3 centaur warriors
  An alligator snapping turtle (Shoals:1)
  A radroach (Spider:4)
  5 boulder beetles
  2 merfolk aquamancers (Shoals:4)
  3 merfolk avatars (Shoals:4)
  7 dancing weapons
  8 two-headed ogres
  9 death yaks
  A satyr (Shoals:2)
  4 tengu warriors
  6 demonic crawlers (Spider:4)
  An occultist (Elf:2)
  Nergalle (Lair:1)
  4 orc high priests
  9 deep elf knights
  4 skysharks
  6 pharaoh ants
  An arcanist (D:14)
  5 sea snakes
  A spectral anaconda (Lair:5)
  2 sun moths (Spider:4)
  A glowing orange brain (D:13)
  An orange crystal statue (IceCv)
  2 orb spiders (Spider:1)
  6 deep elf archers
  2 spriggan simulacra (IceCv)
  An obsidian statue (IceCv)
  Pikel (D:6)
  4 steelbarb worms
  14 deep elf zephyrmancers
  19 deep elf pyromancers
  5 necromancers
  4 orc knights (Orc:2)
  A harpy (Shoals:1)
  3 wolf spiders
  6 orc sorcerers
  4 cyclopes
  9 manticores
  6 fauns
  A salamander (D:15)
  12 ugly things
  8 elephants
  3 meliai (Spider:4)
  6 merfolk sirens
  5 large abominations (Elf:2)
  2 kobold blastminers
  4 torpor snails
  5 water nymphs
  An eye of devastation (shapeshifter) (D:15)
  3 black mambas
  7 gargoyles
  5 freezing wraiths (IceCv)
  A dire elephant skeleton (Lair:5)
  13 cane toads
  2 kobold demonologists
  An unseen horror (D:10)
  Jeremiah (D:9)
  A rime drake (Lair:4)
  4 komodo dragons
  An ice devil (IceCv)
  A minotaur zombie (Gauntlet)
  A golden dragon simulacrum (IceCv)
  9 trolls
  A polar bear (Lair:2)
  21 merfolk
  Grinder (D:5)
  2 blink frogs (Lair:5)
  12 tarantellas
  6 wind drakes
  6 snapping turtles
  10 dream sheep
  An alligator simulacrum (IceCv)
  3 slime creatures (D:14)
  An air elemental (Elf:1)
  10 culicivoras
  13 jumping spiders
  A shadow (D:12)
  4 wyverns
  A dire elephant simulacrum (IceCv)
  7 water elementals
  8 wraiths
  5 fire elementals
  2 basilisks
  32 yaks
  A human (D:12)
  A vampire (D:12)
  8 wargs
  A human (shapeshifter) (D:15)
  4 steam dragons
  10 vampire mosquitoes
  Menkaure (D:6)
  2 harpy simulacra (IceCv)
  22 redbacks
  A minotaur simulacrum (IceCv)
  Edmund (D:5)
  A naga (shapeshifter) (D:14)
  14 water moccasins
  2 acid dragons
  2 black bears
  2 sky beasts
  3 ice beasts
  33 orc warriors
  An elephant zombie (Lair:5)
  14 ogres
  18 wolves
  10 centaurs
  An elephant skeleton (Lair:5)
  A phantom (D:5)
  3 earth elementals
  2 kobold brigands
  2 gnoll sergeants
  9 bullfrogs
  7 small abominations (Elf:2)
  4 scorpions
  6 deep troll simulacra (IceCv)
  7 wights
  An elephant simulacrum (Lair:5)
  2 killer bees (D:9)
  2 electric eels (Lair:2)
  2 lava snakes (D:10)
  4 howler monkeys
  A bombardier beetle (D:4)
  3 hounds
  3 jellies
  27 orc priests
  Crazy Yiuf (D:6)
  2 iguanas (D:4)
  2 sleepcaps (D:6)
  20 orc wizards
  2 hell rats (Lair:4)
  10 gnolls
  7 adders
  2 white imps
  2 ufetubi (D:5)
  2 dart slugs (D:3)
  A ribbon worm (D:2)
  101 orcs
  5 endoplasms
  4 giant cockroaches
  10 goblins
  5 hobgoblins
  4 jackals (D:1)
  15 kobolds
  3 quokkas
  3 ball pythons (D:3)
  4 bats
  7 frilled lizards
  A goblin skeleton (D:5)
  3 hobgoblin zombies (D:5)
  A kobold zombie (D:5)
  An orc zombie (D:5)
  6 rats
  A spectral weapon (Spider:3)
  3 tentacles (Shoals:3)
921 creatures vanquished.

Vanquished Creatures (collateral kills)
  2 deep elf blademasters
  Asterion (Spider:3)
  Gastronok (Lair:2)
  3 emperor scorpions
  A broodmother (Spider:2)
  A dire elephant (Lair:5)
  A merfolk javelineer (Shoals:4)
  Josephine (Lair:3)
  A merfolk impaler (Shoals:4)
  An entropy weaver (Spider:1)
  A hydra (D:15)
  A catoblepas (Gauntlet)
  2 merfolk aquamancers (Shoals:4)
  2 radroaches
  2 tengu warriors (D:14)
  3 death yaks (Lair:4)
  A demonic crawler (Spider:2)
  An orc high priest (Orc:2)
  A skyshark (Lair:5)
  2 pharaoh ants
  7 orb spiders
  A deep elf archer (Elf:3)
  2 sea snakes (Shoals:1)
  A spriggan simulacrum (IceCv)
  A steelbarb worm (Spider:3)
  2 harpies (Shoals:1)
  An orc sorcerer (Orc:2)
  An orc knight (Orc:2)
  A manticore (Shoals:1)
  A faun (Shoals:2)
  13 wolf spiders
  A meliai (Spider:4)
  A kobold blastminer (Orc:2)
  A moth of wrath (Spider:1)
  3 merfolk sirens
  6 torpor snails
  A cane toad (Lair:3)
  2 komodo dragons
  4 rime drakes (Shoals:1)
  A minotaur zombie (Gauntlet)
  A golden dragon simulacrum (IceCv)
  An anaconda simulacrum (IceCv)
  6 merfolk
  9 tarantellas
  A blink frog (Lair:5)
  2 snapping turtles
  2 wind drakes
  A slime creature (D:14)
  23 jumping spiders
  7 culicivoras
  Sigmund (D:5)
  A dire elephant simulacrum (IceCv)
  4 yaks
  A wraith (Lair:3)
  A warg (Orc:2)
  A basilisk (Lair:4)
  A water elemental (Elf:1)
  16 redbacks
  A vampire mosquito (D:14)
  2 steam dragons (Shoals:1)
  A minotaur simulacrum (IceCv)
  3 water moccasins
  10 orc warriors
  2 ogres
  An elf zombie (Elf:3)
  3 wolves
  A deep troll simulacrum (IceCv)
  A killer bee (D:9)
  A centaur zombie (D:9)
  11 orc priests
  A hound (D:7)
  4 orc wizards (Orc:2)
  2 hell rats (Lair:4)
  7 orcs
  3 training dummies (Elf:1)
  A goblin zombie (D:5)
  An orc zombie (D:5)
215 creatures vanquished.

Vanquished Creatures (others)
  spectral Mlioglotl (Spider:3)
  A very ugly thing zombie (IceCv)
  2 deep elf knights (Elf:3)
  A spark wasp zombie (Spider:2)
  A ghost moth zombie (Spider:4)
  2 spectral merfolk (Shoals:4)
  3 wolf spider zombies
  A steelbarb worm zombie (Spider:4)
  A sea snake zombie (Shoals:4)
  7 redback zombies
  2 death yak zombies
  A harpy zombie (Shoals:1)
  2 culicivora zombies
  6 jumping spider zombies
  6 tarantella zombies
  A sun moth zombie (Spider:4)
  A jumping spider (Spider:1)
  A meliai zombie (Spider:4)
  A culicivora (Spider:1)
  A human zombie (Elf:2)
  A water elemental (Elf:2)
  A black mamba zombie (Lair:5)
  A slime creature zombie (D:14)
  A water nymph zombie (Shoals:4)
  9 merfolk zombies
  A cane toad zombie (Lair:1)
  A skyshark zombie (Shoals:1)
  A manticore zombie (Shoals:1)
  A snapping turtle zombie (Shoals:4)
  16 elf zombies
  A torpor snail zombie (Spider:1)
  A rime drake zombie (Shoals:1)
  3 warg zombies
  2 wyvern zombies (Lair:5)
  2 komodo dragon zombies (Lair:5)
  3 water moccasin zombies
  6 yak zombies
  4 wolf zombies
  2 centaur zombies
  A scorpion zombie (D:6)
  An ice beast zombie (D:6)
  4 ogre zombies
  A naga zombie (D:14)
  A howler monkey zombie (D:10)
  A steam dragon zombie (Shoals:1)
  A jelly zombie (D:8)
  An adder zombie (D:5)
  A gnoll zombie (D:12)
  5 kobold zombies
  53 orc zombies
  11 spectral weapons
  2 starspawn tentacles (Spider:3)
  9 tentacles (Shoals:3)
191 creatures vanquished.

Grand Total: 1327 creatures vanquished

Notes
Turn   | Place    | Note
-------+----------+-------------------------------------------
     0 | D:1      | shadowrider38 the Barachi Shapeshifter began the quest for
                  | the Orb.
     0 | D:1      | Reached XP level 1. HP: 15/15 MP: 1/1
    17 | D:1      | Found Maedwaex's Distillery.
   178 | D:1      | Reached XP level 2. HP: 21/21 MP: 2/2
   677 | D:1      | Found Bomeissa's Antique Weapon Emporium.
   754 | D:1      | Found a faded altar of an unknown god.
   781 | D:1      | Reached XP level 3. HP: 26/26 MP: 3/3
  1155 | D:2      | Found Cabrub's Jewellery Shoppe.
  1476 | D:2      | Reached XP level 4. HP: 32/32 MP: 4/4
  2363 | D:3      | Identified 2 scrolls of acquirement
  2363 | D:3      | Acquired the +9 broad axe of Titeerito {freeze, rPois SInv}
  2366 | D:3      | Acquired the +1 cloak of Impatience {Str+4}
  2437 | D:4      | Reached XP level 5. HP: 33/37 MP: 5/5
  2629 | D:4      | Reached skill level 3 in Axes
  2706 | D:4      | Reached XP level 6. HP: 43/43 MP: 6/6
  2934 | D:4      | Found a staircase to the Ecumenical Temple.
  3224 | Temple   | Entered the Ecumenical Temple
  3243 | Temple   | Became a worshipper of Yredelemnul the Dark
  3461 | D:5      | Entered Level 5 of the Dungeon
  3540 | D:5      | Noticed Grinder
  3588 | D:5      | Paralysed by Grinder for 3 turns
  3607 | D:5      | Killed Grinder
  3608 | D:5      | Reached XP level 7. HP: 41/48 MP: 7/7
  3705 | D:5      | Noticed Sigmund
  3715 | D:5      | Killed Sigmund
  3720 | D:5      | Reached * piety under Yredelemnul
  3732 | D:5      | Found a glowing golden altar of the Shining One.
  3758 | D:5      | Reached XP level 8. HP: 52/54 MP: 8/8
  3839 | D:5      | Noticed Edmund
  3844 | D:5      | Killed Edmund
  3947 | D:5      | Reached ** piety under Yredelemnul
  4029 | D:5      | Found Nodasch's Antique Weapon Shoppe.
  4268 | D:6      | Reached skill level 9 in Axes
  4520 | D:6      | Noticed Maggie
  4533 | D:6      | Maggie changed into Maggie the steam dragon
  4533 | D:6      | Noticed Maggie
  4553 | D:6      | Killed Maggie the steam dragon
  4689 | D:6      | Noticed Menkaure
  4694 | D:6      | Killed Menkaure
  5059 | D:6      | Noticed Pikel
  5075 | D:6      | Paralysed by Pikel for 5 turns
  5082 | D:6      | Killed Pikel
  5083 | D:6      | Reached XP level 9. HP: 50/59 MP: 9/9
  5108 | D:6      | Reached skill level 2 in Fighting
  5218 | D:6      | Found a runed translucent door.
  5219 | D:6      | Noticed Crazy Yiuf
  5292 | D:6      | Killed Crazy Yiuf
  5673 | D:7      | Reached skill level 3 in Fighting
  5695 | D:7      | Reached *** piety under Yredelemnul
  5712 | D:7      | Reached skill level 3 in Armour
  5770 | D:7      | Reached XP level 10. HP: 58/70 MP: 9/11
  5849 | D:7      | Reached **** piety under Yredelemnul
  5850 | D:7      | Reached skill level 3 in Shields
  6090 | D:8      | Reached skill level 4 in Fighting
  6289 | D:8      | Found Rautzuar's Tiny Tomes.
  6554 | D:8      | Noticed a two-headed ogre
  6561 | D:8      | Killed a two-headed ogre
  6604 | D:8      | Reached skill level 5 in Fighting
  6673 | D:8      | Reached skill level 3 in Invocations
  6785 | D:8      | shadowrider38: !nchoice bash
  6785 | D:8      | beem: BaSh: 8 wins || naoky: CPO, L19 Warrior of Okawaru ||
                  | boberto: CAO, L12 Nimble of Hepliaklqana || bookman: CAO,
                  | L12 Fighter of Vehumet || shadowrider38: CBR2, L9 Cleaver
                  | of Yredelemnul
  6968 | D:9      | Noticed Maurice
  6970 | D:9      | Maurice changed into Maurice the ogre
  6970 | D:9      | Noticed Maurice
  6993 | D:9      | Killed Maurice the ogre
  6994 | D:9      | Reached XP level 11. HP: 79/79 MP: 9/13
  7047 | D:9      | Noticed Jeremiah
  7068 | D:9      | Killed Jeremiah
  7167 | D:9      | Your ally Maurice died
  7646 | D:9      | Found Cheibriados's Comfort Zone.
  7672 | D:9      | Found a snail-covered altar of Cheibriados.
  7924 | D:9      | Reached skill level 7 in Fighting
  7924 | D:9      | Reached skill level 15 in Axes
  7924 | D:9      | Reached XP level 12. HP: 91/91 MP: 14/16
  7967 | D:10     | Entered Level 10 of the Dungeon
  8255 | D:10     | Identified the +3 ring mail of Bubol {rF+ MP+9 Str+3 Int+2}
  8269 | D:10     | Noticed a two-headed ogre
  8278 | D:10     | Killed a two-headed ogre
  8633 | D:10     | Reached skill level 8 in Fighting
  9163 | D:11     | You fall into a shaft and drop 3 floors!
  9369 | D:14     | Noticed a centaur warrior
  9391 | D:14     | Killed a centaur warrior
  9531 | D:14     | Found a portal to a secret trove of treasure.
  9565 | D:14     | Noticed a tengu warrior
  9567 | D:14     | Noticed a tengu warrior
  9633 | D:13     | Reached skill level 9 in Fighting
  9772 | D:12     | Noticed Erolcha
  9830 | D:13     | Identified the +5 ring mail "Hero's Friend" {Fly rElec}
  9845 | D:13     | Noticed a tengu warrior
  9845 | D:13     | Noticed a tengu warrior
  9859 | D:13     | Killed a tengu warrior
  9899 | D:13     | Killed a tengu warrior
  9900 | D:13     | Gained mutation: You can hop long distances. [Barachi
                  | growth]
  9900 | D:13     | Reached XP level 13. HP: 37/101 MP: 17/17
 10116 | D:12     | Noticed Nessos
 10117 | D:12     | Nessos changed into Nessos the human
 10117 | D:12     | Noticed Nessos
 10247 | D:12     | Killed Nessos the human
 10283 | D:12     | Found a staircase to the Orcish Mines.
 10798 | D:11     | Found a staircase to the Lair.
 11196 | D:11     | Reached skill level 10 in Fighting
 11776 | Lair:1   | Entered Level 1 of the Lair of Beasts
 11797 | Lair:1   | Noticed Nergalle
 11817 | Lair:1   | Killed Nergalle
 12180 | Lair:1   | Reached skill level 3 in Dodging
 12193 | Lair:1   | Found a gate leading to a gauntlet.
 12229 | Gauntlet | Entered a Gauntlet
 12229 | Gauntlet | Found a transporter.
 12229 | Gauntlet | Found a transporter.
 12229 | Gauntlet | Found a runed translucent door.
 12229 | Gauntlet | Found a runed translucent door.
 12230 | Gauntlet | Found a transporter.
 12231 | Gauntlet | Found a transporter.
 12246 | Gauntlet | Found a transporter.
 12246 | Gauntlet | Found a transporter.
 12279 | Gauntlet | Found a transporter.
 12282 | Gauntlet | Found a transporter.
 12287 | Gauntlet | Noticed a quicksilver ooze
 12290 | Gauntlet | Found a transporter.
 12306 | Gauntlet | Found a transporter.
 12322 | Gauntlet | Found a transporter.
 12325 | Gauntlet | Found a transporter.
 12424 | Gauntlet | Identified the ring "Kuyhiust" {rC+ Int+6}
 12660 | Gauntlet | Noticed a minotaur
 12675 | Gauntlet | Killed a minotaur
 12820 | Gauntlet | Identified the staff of a sewer {rF+ Dex+2 Fire Air}
 13214 | Lair:1   | Reached skill level 9 in Armour
 13652 | Lair:1   | shadowrider38: !nchoice bash
 13694 | Lair:2   | beem: BaSh: 8 wins || naoky: CPO, L20 Brawler of Okawaru ||
                  | boberto: CAO, L13 Mimic of Hepliaklqana || bookman: CAO,
                  | L13 Fighter of Vehumet || shadowrider38: CBR2, L13 Severer
                  | of Yredelemnul
 13801 | Lair:2   | Reached skill level 11 in Fighting
 13886 | Lair:2   | Noticed Gastronok
 13901 | Lair:2   | Killed Gastronok
 13902 | Lair:2   | Reached XP level 14. HP: 109/113 MP: 18/18
 14004 | Lair:2   | Reached ***** piety under Yredelemnul
 14562 | Lair:2   | Reached ****** piety under Yredelemnul
 14779 | Lair:3   | Found a hole to the Spider Nest.
 15111 | Lair:3   | Reached skill level 9 in Shields
 15434 | Lair:3   | Noticed Josephine
 15438 | Lair:3   | Reached skill level 12 in Fighting
 15442 | Lair:3   | Killed Josephine
 15609 | Lair:3   | Found a staircase to the Shoals.
 16236 | Lair:4   | Found a staircase to the Slime Pits.
 16236 | Lair:4   | Found a viscous altar of Jiyva.
 16420 | Lair:4   | Found a runed translucent gate.
 16421 | Lair:4   | Found a runed translucent gate.
 16422 | Lair:4   | Found a runed translucent gate.
 16422 | Lair:4   | Noticed an acid blob
 16422 | Lair:4   | Noticed an azure jelly
 16430 | Lair:4   | Noticed an azure jelly
 16728 | Lair:4   | Reached skill level 3 in Evocations
 16729 | Lair:4   | Reached skill level 13 in Fighting
 17095 | Lair:4   | Noticed an azure jelly
 17096 | Lair:4   | Noticed an azure jelly
 17097 | Lair:4   | Noticed an acid blob
 17097 | Lair:4   | Noticed an azure jelly
 17097 | Lair:4   | Noticed Tunlugh's ghost (adept GrEE)
 17098 | Lair:4   | Noticed an acid blob
 17234 | Lair:4   | Found a viscous altar of Jiyva.
 17261 | Lair:5   | Entered Level 5 of the Lair of Beasts
 18329 | Lair:5   | Identified the +6 broad axe "Meghas" {speed, *Slow rElec
                  | rCorr Int-4}
 18346 | Lair:5   | Noticed a dire elephant
 18346 | Lair:5   | Noticed a dire elephant
 18346 | Lair:5   | Noticed a dire elephant
 18346 | Lair:5   | Noticed a dire elephant
 18394 | Lair:5   | Reached skill level 14 in Fighting
 18552 | Lair:5   | Reached XP level 15. HP: 109/126 MP: 19/19
 19156 | Lair:5   | HP: 4/127 [dire elephant (27)]
 20363 | D:12     | Reached skill level 15 in Fighting
 20825 | Orc:1    | Entered Level 1 of the Orcish Mines
 21318 | Orc:2    | Entered Level 2 of the Orcish Mines
 21850 | Orc:2    | Found a staircase to the Elven Halls.
 22548 | Orc:2    | Reached skill level 16 in Fighting
 22771 | Orc:2    | Found Jaawad's General Store.
 22790 | Orc:2    | Bought a scroll of fear for 56 gold pieces
 22790 | Orc:2    | Bought a scroll of fog for 56 gold pieces
 22796 | Orc:2    | Found Sozuc's Jewellery Shoppe.
 23417 | Orc:2    | Found Four's General Store.
 23595 | Orc:2    | Noticed an orc warlord
 23611 | Orc:2    | Killed an orc warlord
 23840 | Orc:2    | Found Batiam's Jewellery Shop.
 23966 | Orc:2    | Bought the ring "Abratuu" {rF+ rC+ SInv} for 612 gold
                  | pieces
 24060 | Orc:2    | shadowrider38: !nchoice bash
 24060 | Orc:2    | beem: BaSh: 8 wins || naoky: CPO, L20 Brawler of Okawaru ||
                  | shadowrider38: CBR2, L15 Severer of Yredelemnul || bookman:
                  | CAO, L14 Warrior of Vehumet || boberto: CAO, L9 Trooper of
                  | Hepliaklqana
 24060 | Orc:2    | shadowrider38: !nwhere
 24060 | Orc:2    | beem: SpAl: 0 wins || vt: CBR2, L23 Acrobat of Gozag
                  | (Crypt:3, 2 runes) || Flugkiller: CXC, L14 Reanimator of Ru
                  | (D:8) || 0xDEADFACE: CAO, L8 Toxicologist of Hepliaklqana
                  | (D:7) || Mamutox: CXC, L4 Sneak of No God (D:3) || Xpym:
                  | CXC, L1 Apothecary of No God (D:1)
 24060 | Orc:2    | shadowrider38: !nwhere bash
 24060 | Orc:2    | beem: BaSh: 8 wins || naoky: CPO, L20 Brawler of Okawaru
                  | (Elf:3, 2 runes) || shadowrider38: CBR2, L15 Severer of
                  | Yredelemnul (Orc:2) || bookman: CAO, L14 Warrior of Vehumet
                  | (Lair:5) || boberto: CAO, L9 Trooper of Hepliaklqana (D:7)
 24408 | D:13     | Found a gate to the Vaults.
 25334 | D:14     | Found a runed translucent door.
 25334 | D:14     | Noticed oldriver's ghost (journeyman DsFE)
 25573 | D:15     | Entered Level 15 of the Dungeon
 25683 | D:15     | Found a hide-covered altar of Uskayaw.
 25690 | D:15     | Reached XP level 16. HP: 127/140 MP: 22/22
 25708 | D:15     | Reached skill level 17 in Fighting
 25974 | D:15     | Reached skill level 9 in Invocations
 26667 | D:15     | Found a staircase to the Depths.
 27175 | Shoals:1 | Entered Level 1 of the Shoals
 28093 | Shoals:1 | Reached skill level 18 in Fighting
 28200 | Shoals:1 | Noticed Mlioglotl
 28214 | Shoals:1 | Killed Mlioglotl
 28214 | Shoals:1 | Charmed Mlioglotl
 28939 | Shoals:2 | Found Nooho's Overcharged Wands.
 29848 | Shoals:3 | Identified the +8 short sword of Wajikh {drain, *Corrode
                  | rF+ MP+9}
 29920 | Shoals:3 | Found a glacial archway.
 30272 | IceCv    | Entered an ice cave
 31621 | IceCv    | Noticed an Ice Fiend
 31621 | IceCv    | Noticed an Ice Fiend
 31640 | IceCv    | Killed an Ice Fiend
 31654 | IceCv    | Killed an Ice Fiend
 31843 | IceCv    | Got the Papyrus of the Snowflakes
 31911 | IceCv    | Reached XP level 17. HP: 146/149 MP: 26/26
 32118 | Shoals:3 | Noticed a kraken
 32139 | Shoals:3 | Killed a kraken
 32749 | Spider:1 | Entered Level 1 of the Spider Nest
 34138 | Spider:1 | Reached skill level 9 in Evocations
 35967 | Spider:2 | Gained mutation: Your spells are a little easier to cast,
                  | but a little less powerful. [mutagenic glow]
 36620 | Spider:2 | shadowrider38: !nchoice bash
 36620 | Spider:2 | beem: BaSh: 8 wins || naoky: CPO, L21 Brawler of Okawaru ||
                  | shadowrider38: CBR2, L17 Warrior of Yredelemnul || bookman:
                  | CAO, L15 Warrior of Vehumet || boberto: CAO, L9 Fighter of
                  | Hepliaklqana
 37175 | Spider:3 | Reached skill level 19 in Fighting
 37361 | Spider:3 | Noticed Asterion
 37371 | Spider:3 | Noticed an Executioner
 37385 | Spider:3 | Your ally Mlioglotl died
 37386 | Spider:3 | Killed Asterion
 37982 | Spider:3 | Reached XP level 18. HP: 150/160 MP: 27/27
 38035 | Spider:3 | Acquired a manual of Invocations
 38396 | D:1      | Bought a potion of might for 48 gold pieces
 38430 | D:1      | Bought a masterwork broad axe for 162 gold pieces
 38430 | D:1      | Identified the +3 broad axe of Disarray {holy, Will- rCorr
                  | MP+9 Dex+2} (You bought it in a shop on level 1 of the
                  | Dungeon)
 38720 | Orc:2    | Bought a scroll of brand weapon for 133 gold pieces
 38720 | Orc:2    | Bought a scroll of enchant weapon for 105 gold pieces
 38990 | D:2      | Bought an amulet of guardian spirit for 420 gold pieces
 39337 | Elf:1    | Entered Level 1 of the Elven Halls
 39650 | Elf:1    | Found a huge runed translucent gate.
 39650 | Elf:1    | Found a huge runed translucent gate.
 39651 | Elf:1    | Found a huge runed translucent gate.
 39651 | Elf:1    | Found a huge runed translucent gate.
 39654 | Elf:1    | Found a huge runed translucent gate.
 39676 | Elf:1    | Found a huge runed translucent gate.
 39676 | Elf:1    | Found a huge runed translucent gate.
 39676 | Elf:1    | Found a huge runed translucent gate.
 39676 | Elf:1    | Found a huge runed translucent gate.
 39676 | Elf:1    | Found a huge runed translucent gate.
 39676 | Elf:1    | Found a huge runed translucent gate.
 39678 | Elf:1    | Found a huge runed translucent gate.
 39678 | Elf:1    | Found a huge runed translucent gate.
 39678 | Elf:1    | Found a huge runed translucent gate.
 39678 | Elf:1    | Found a huge runed translucent gate.
 39678 | Elf:1    | Found a huge runed translucent gate.
 39678 | Elf:1    | Found a huge runed translucent gate.
 39678 | Elf:1    | Found a huge runed translucent gate.
 39678 | Elf:1    | Found a huge runed translucent gate.
 39678 | Elf:1    | Noticed a deep elf blademaster
 39679 | Elf:1    | Found a huge runed translucent gate.
 39835 | Elf:1    | Reached skill level 3 in Spellcasting
 39884 | Elf:1    | Found Ucuethraq's Firing Range.
 39974 | Elf:1    | Found a runed translucent door.
 39975 | Elf:1    | Identified the +6 scimitar "Moisaf" {chaos, rElec}
 39977 | Elf:1    | Found a shimmering altar of Xom.
 39977 | Elf:1    | Noticed Tata Geih's ghost (adept TrFi)
 40177 | Elf:1    | Paralysed by an air elemental for 1 turns
 40942 | Elf:1    | Killed a deep elf blademaster
 41800 | Elf:2    | Reached skill level 15 in Armour
 42569 | Elf:2    | Found a runed translucent gate.
 42575 | Elf:2    | Found a runed translucent gate.
 42575 | Elf:2    | Found a runed translucent gate.
 42686 | Elf:2    | Found the +1 Delatra's gloves {ID++}
 43124 | Shoals:4 | Entered Level 4 of the Shoals
 43584 | Shoals:4 | Identified the serpent talisman "Xiol" {rC- rN+ Slay+4}
 43584 | Shoals:4 | Noticed Aizul
 43596 | Shoals:4 | Killed Aizul
 44921 | Shoals:4 | Got a barnacled rune of Zot
 45276 | Spider:4 | Entered Level 4 of the Spider Nest
 45562 | Spider:4 | Reached XP level 19. HP: 116/166 MP: 1/31
 45836 | Spider:4 | Gained mutation: Your body sometimes deteriorates upon
                  | taking damage. [mutagenic glow]
 46503 | Spider:3 | Reached skill level 9 in Spellcasting
 47040 | Spider:4 | Gained mutation: Your magical capacity is low. (-10% MP)
                  | [mutagenic glow]
 47050 | Spider:3 | Gained mutation: You have sharp toenails. [mutagenic glow]
 47812 | Spider:4 | Got a gossamer rune of Zot
 47822 | Spider:4 | Identified the +0 hat "Bifuqy" {rCorr Dex+2}
 48211 | Elf:3    | Entered Level 3 of the Elven Halls
 48212 | Elf:3    | shadowrider38: !nwhere bash
 48212 | Elf:3    | beem: BaSh: 8 wins || naoky: CPO, L21 Brawler of Okawaru
                  | (D:13, 2 runes) || shadowrider38: CBR2, L18 Warrior of
                  | Yredelemnul (Spider:4, 1 rune) || bookman: CAO, L16 Warrior
                  | of Vehumet (Swamp:1)
 48225 | Elf:3    | Found Walaneal's Magic Scroll Emporium.
 48409 | Elf:3    | Bought a scroll of enchant armour for 97 gold pieces
 48409 | Elf:3    | Bought a scroll of fear for 52 gold pieces
 48571 | Elf:3    | Found Fiec's Weapon Shop.
 48666 | Elf:3    | Identified the ring of Wefiq {rF+ Will+ Str+6 Dex-5}
 48720 | Elf:3    | Shot with an arrow by a deep elf master archer

Illustrated notes

Levels and vault maps discovered:
D:1:      dpeg_arrival_windows_large_door, layout_loops_cross,
          shapermc_ecumenical_altar_pompeii, serial_shops, shop,
          nicolae_shop_industrial_runoff, shop, minmay_tetromino_o4
D:2:      layout_basic, serial_shops, nicolae_shop_tiny_real_fake_doors,
          minmay_misc_feat_rugged, lexackson_kobold_supper
D:3:      layout_rooms
D:4:      layout_loops_ring, minmay_temple_entry_poolview, nrook_uturn,
          skrybe_limestone_x, st_stairs_12, bh_walls_and_bars
D:5:      layout_rooms, nicolae_tso_besieged_by_evil, serial_shops,
          kennysheep_mini, uniq_grinder, uniq_sigmund, uniq_edmund
D:6:      layout_loops_ring, uniq_pikel, uniq_crazy_yiuf_cottage, uniq_maggie,
          uniq_menkaure
D:7:      layout_gridville, grunt_ministairs_10
D:8:      layout_basic, nicolae_shop_i_like_small_books_too,
          kennysheep_nondescript
D:9:      layout_loops_ring, minmay_shop_chei, minivault_19, uniq_jeremiah,
          uniq_maurice
D:10:     layout_gridville, minmay_misc_feat_room, minmay_splitting_lines,
          kennysheep_cluttered_room, nicolae_concentric_dashed_squares_wild
D:11:     layout_stronghold, lair_entry_dummy
D:12:     cheibrodos_statue_roulette, layout_gridville, david_orc_1_choice,
          uniq_nessos, uniq_erolcha
D:13:     layout_irregular_city, hellmonk_vaults_order_and_chaos
D:14:     layout_long_grid, ebering_ghost_inner_flame,
          nicolae_trove_entry_isolated, minmay_misc_feat_alley
D:15:     hangedman_depths_entry_try_elsewhere_first, layout_loops_ring,
          nicolae_uskayaw_dance_hall
Temple:   nicolae_temple_bog_church
Lair:1:   layout_loops_ring, gauntlet_entry_generic, grunt_megastairs_5,
          uniq_nergalle
Lair:2:   layout_cave_pods, serial_bayou_shore_b, serial_bayou_shore_b,
          serial_bayou_shore_b, serial_bayou_shore_a, uniq_gastronok
Lair:3:   layout_loops_ring, mainiacjoe_shoals_entry_four_pools,
          nicolae_spider_entry_tight_spaces, grunt_megastairs_4, uniq_josephine
Lair:4:   layout_long_grid, slime_entry_1, gammafunk_ghost_ooze
Lair:5:   due_jungle_book, layout_misc_corridors, lemuel_fruit_tree
Shoals:1: layout_shoals, nicolae_shoals_drake_roost, uniq_mlioglotl
Shoals:2: layout_shoals, nicolae_shop_overcharged_wands
Shoals:3: layout_shoals, portal_ice_cave_entry_pillars_1
Shoals:4: shoals_end_simple, layout_shoals,
          nicolae_shoals_lost_giant_amphitheater, nicolae_shoals_land_atoll,
          nicolae_shoals_secluded_bog, uniq_aizul
Spider:1: layout_spider_delve, nicolae_spider_moth_buddies
Spider:2: layout_spider_delve
Spider:3: layout_cave_pods, uniq_asterion
Spider:4: hellmonk_spider_rune_bug_friends
Orc:1:    layout_caves, minmay_orc_temple_b
Orc:2:    pubby_orc_utopia
Elf:1:    minmay_elf_arrival_plus, layout_loops_corners, ebering_ghost_xom,
          hangedman_elf_represent, st_stairs_5, solitary_fountain,
          nicolae_shop_firing_range
Elf:2:    nicolae_elf_blades_splatter_lattice [nicolae_blade_tridents],
          layout_rooms, laboratory
Elf:3:    grunt_elf_hall_asides, layout_loops_cross, serial_shops, shop, shop

Skill      XL: |  1  2  3  4  5  6  7  8  9 10 11 12 13 14 15 16 17 18 19 |
---------------+----------------------------------------------------------+-----
Shapeshifting  | 4 5 |  5.5
Axes           | 1 3 6 8 12 14 15 16 18 | 18.0
Armour         | 3 5 7 8 9 10 13 16 17 | 17.8
Fighting       | 3 5 7 9 11 14 16 18 19 | 19.0
Shields        | 2 5 6 8 10 11 | 11.8
Invocations    | 1 3 5 8 12 14 | 14.9
Dodging        | 4 |  4.0
Evocations     | 6 8 10 | 10.0
Spellcasting   | 8 10 | 10.1
Unarmed Combat | |  3.2

Action                     |  1- 3 |  4- 6 |  7- 9 | 10-12 | 13-15 | 16-18 | 19-21 || total
---------------------------+-------+-------+-------+-------+-------+-------+-------++-------
  Melee: Unarmed           |    92 |    69 |       |       |       |       |       ||   161
         Punch             |     1 |     3 |       |       |       |       |       ||     4
         Broad axe         |       |    47 |   138 |   272 |   905 |  1004 |   149 ||  2515
         Flail             |       |       |       |       |     5 |    10 |       ||    15
  Throw: Dart              |       |       |       |     1 |     1 |       |       ||     2
         Throwing net      |       |       |       |       |     1 |       |       ||     1
 Invoke: Dark Bargain      |       |       |       |     1 |    18 |    11 |     1 ||    31
         Recall Undead Har |       |       |       |     1 |     2 |    10 |       ||    13
         Bind Soul         |       |       |       |       |     1 |     1 |       ||     2
         Drain Life        |       |       |       |       |     1 |     2 |       ||     3
Ability: Hop               |       |     2 |     1 |     1 |     4 |     8 |     1 ||    17
  Evoke: Wand              |       |       |     2 |     4 |     6 |     2 |     5 ||    19
         Lightning rod     |       |       |       |       |     4 |     3 |       ||     7
    Use: Scroll            |       |     4 |     5 |     4 |    17 |    21 |     3 ||    54
         Potion            |       |     1 |     4 |     2 |     6 |     7 |     2 ||    22
   Stab: Sleeping          |     1 |       |       |       |       |       |       ||     1
         Distracted        |       |       |     1 |     1 |    10 |    13 |     2 ||    27
         Paralysed         |       |       |       |     2 |       |     2 |     3 ||     7
         Held in net/web   |       |       |       |       |     1 |       |       ||     1
         Fleeing           |       |       |       |       |       |     1 |       ||     1
 Armour: Animal skin       |    23 |       |       |       |       |       |       ||    23
         Plate armour      |    25 |   117 |   101 |   240 |       |       |       ||   483
         Skin              |       |     1 |    16 |       |       |    33 |       ||    50
         Ring mail         |       |       |       |    27 |   438 |   226 |       ||   691
         Chain mail        |       |       |       |       |    96 |    78 |       ||   174
         Crystal plate arm |       |       |       |       |       |   889 |   178 ||  1067
  Dodge: Dodged            |    43 |    27 |    42 |    78 |   252 |   249 |    27 ||   718
  Block: Buckler           |       |     5 |    24 |    62 |       |       |       ||    91
         Kite shield       |       |       |       |    56 |   446 |   589 |    82 ||  1173
         Form:             |       |     1 |       |       |       |       |       ||     1
         Beast             |       |     1 |       |       |       |       |       ||     1
